[Event "Late-Titled-Tuesday-Blitz-June-04-2024"]
[Site "Chess.com"]
[Date "2024.06.04"]
[Round "3"]
[White "szachmistrz2500"]
[Black "glucolisis04"]
[Result "1-0"]
[WhiteElo "2503"]
[BlackElo "2261"]
[TimeControl "180+1"]
[EndTime "14:27:34 PDT"]
[Termination "szachmistrz2500 won by resignation"]

1. e4 c5 2. Nf3 Nc6 3. Bb5 Nf6 4. d3 Qa5+ 5. Nc3 Nd4 6. Bc4 b5 7. Bb3 Nxb3 8. cxb3 d6 9. O-O Bb7 10. Bg5 e6 11.
Bxf6 gxf6 12. Nh4 b4 13. Ne2 Qb6 14. Kh1 Be7 15. f4 a5 16. f5 e5 17. Ng3 Ba6 18. Rc1 Qb5 19. Rc4 Qd7 20. Qh5 Bxc4 21. bxc4 Rf8 22. Qxh7 O-O-O 23. Nf3 Kb7 24. Rg1 Ra8 25.
Nf1 Bd8 26. Qh4 Qe7 27. Ne3 Bb6 28. Nd5 Qd8 29. Qxf6 Qxf6 30. Nxf6 a4 31. g4 Rh8 32. h4 Bd8 33. Nh5 Be7 34. Kh2 Rag8 35. Kh3 a3 36. b3 Kc7 37. f6 Bd8 38. Ng5 Rh6 39. Nxf7 Rhg6 40. Nxd8 Kxd8 41. g5 Rh8 42. Kg4 Rgg8 43. Ng7 Rf8 44. h5 Kd7 45. h6 Ra8 46. Kf5 Rae8 47.
g6 Ref8 48. h7 Re8 1-0

[Event "Late-Titled-Tuesday-Blitz-June-04-2024"]
[Site "Chess.com"]
[Date "2024.06.04"]
[Round "3"]
[White "Chessdemon2019"]
[Black "Navyblue1"]
[Result "1-0"]
[WhiteElo "2417"]
[BlackElo "2210"]
[TimeControl "180+1"]
[EndTime "14:27:35 PDT"]
[Termination "Chessdemon2019 won by resignation"]

1. e4 c5 2. Nf3 d6 3. d4 cxd4 4. Nxd4 Nf6 5. f3 e5 6. Nb3 d5 7. Bg5 d4 8. c3 Nc6 9. cxd4 exd4 10. Bb5 Bb4+ 11. N1d2 h6 12. Bh4 O-O 13. O-O d3 14. Nc4 Be7 15. Kh1 a6 16. Bxc6 bxc6 17. Ne5 c5 18.
Nc6 Qd6 19. Nxe7+ Qxe7 20. Qxd3 Be6 21. Qc3 c4 22. Nd4 g5 23. Bg3 Nh5 24. Bf2 Nf4 25.
Nxe6 Qxe6 26. Be3 Ng6 27. Rac1 Rfc8 28. Rfd1 Rab8 29. Rd2 Rb7 30. Rcd1 Kh7 31. Rd6 Qe7 32. Rxa6 Rcb8 33. Bd4 Rxb2 34. Qxb2 Rxb2 35. Bxb2 Qb4 36.
Bd4 c3 37. Rc6 c2 38. Rxc2 Qa4 39. Rcd2 Nf4 40. Ra1 Qc4 41. a4 Ne6 42. Bg1 Kg6 43. a5 Qa6 44. Rb2 h5 45. Rb6 Qa8 46. a6 g4 47. a7 gxf3 48. gxf3 Qc8 49. a8=Q Qc3 50. Qg8+ Kf6 51. Qh8+ 1-0

[Event "Late-Titled-Tuesday-Blitz-June-04-2024"]
[Site "Chess.com"]
[Date "2024.06.04"]
[Round "3"]
[White "talaicito"]
[Black "TimGrutter03"]
[Result "1-0"]
[WhiteElo "2198"]
[BlackElo "2509"]
[TimeControl "180+1"]
[EndTime "14:27:36 PDT"]
[Termination "talaicito won on time"]

1. d4 d6 2. e4 Nf6 3. Nc3 e5 4.
f4 Nbd7 5. Nf3 c6 6. dxe5 dxe5 7. fxe5 Ng4 8. Bg5 Qb6 9. Qd2 h6 10. Bf4 g5 11. h3 gxf4 12. hxg4 Qxb2 13. Rb1 Qa3 14. Bc4 Bb4 15. Rb3 Qa5 16. a3 Bxa3 17. Qxf4 Bb4 18. Qxf7+ Kd8 19. Kd2 Rf8 20. Qg7 b5 21.
Be6 Re8 22. Rxh6 Nc5 23. Bxc8 Bxc3+ 24. Ke2 Kxc8 25. Rxc6+ Kd8 26. Rxc5 Re7 27. Qf8+ Kd7 28. Qxa8 Qa1 29. Qd5+ 1-0

[Event "Late-Titled-Tuesday-Blitz-June-04-2024"]
[Site "Chess.com"]
[Date "2024.06.04"]
[Round "3"]
[White "Onischuk_V"]
[Black "Romkachess"]
[Result "1-0"]
[WhiteElo "2848"]
[BlackElo "2507"]
[TimeControl "180+1"]
[EndTime "14:27:37 PDT"]
[Termination "Onischuk_V won by resignation"]

1. e4 c5 2. Nf3 d6 3. d4 cxd4 4. Nxd4 Nf6 5. Nc3 a6 6. a4 e5 7.
Nf3 Be7 8. Bc4 O-O 9. O-O Be6 10. Qe2 Qc7 11. Ba2 Bxa2 12. Rxa2 Nbd7 13. Rd1 Rfc8 14. Bg5 Qc4 15. Qxc4 Rxc4 16. Nd2 Rc7 17. Nf1 h6 18.
Bxf6 Nxf6 19. Ne3 Rxc3 20. bxc3 Nxe4 21. Nd5 Bf8 22. Rb2 Nc5 23. a5 f5 24. c4 Rd8 25. g3 Kf7 26. Kg2 g5 27. Rdb1 Rd7 28. Rb6 e4 29. Ne3 Ke6 30. Nd5 Ke5 31. Rd1 Bg7 32.
Ne3 f4 33. Rd5+ Ke6 34. Nf5 Be5 35. Rxc5 Kxf5 36. Rd5 Rc7 37. c5 Rxc5 38. Rxc5 dxc5 39.
Rxb7 Bc3 40. Rc7 Bd4 41. Rc6 f3+ 42. Kf1 h5 43. Rxa6 h4 44. Rc6 e3 45. fxe3 Bxe3 46. a6 c4 47. Rxc4 hxg3 48. hxg3 Ke5 49. Rc7 Kf5 50.
a7 Bxa7 51. Rxa7 Kg4 52. Kf2 1-0

[Event "Late-Titled-Tuesday-Blitz-June-04-2024"]
[Site "Chess.com"]
[Date "2024.06.04"]
[Round "3"]
[White "Zampronha1971"]
[Black "BabageldiAnnaberdiyev"]
[Result "0-1"]
[WhiteElo "2429"]
[BlackElo "2619"]
[TimeControl "180+1"]
[EndTime "14:27:37 PDT"]
[Termination "BabageldiAnnaberdiyev won on time"]

1. e4 e6 2. d4 d5 3. Nc3 Nf6 4. e5 Nfd7 5. f4 c5 6. Nf3 Nc6 7. Be3 a6 8. Qd2 b5 9. a3 Qb6 10. Ne2 cxd4 11. Nexd4 Nxd4 12. Nxd4 Bc5 13. b4 Bxd4 14.
Bxd4 Qc6 15. Qe3 O-O 16. Bd3 f5 17. O-O Rb8 18. Rfb1 Nb6 19. Bxb6 Rxb6 20. a4 bxa4 21. Rxa4 Bb7 22. Qd4 Rb8 23. Rba1 Bc8 24. c3 h6 25. h4 Kh7 26. Kh2 g6 27. Ra5 h5 28. Qc5 Qxc5 29.
Rxc5 Kg7 30. Rc7+ Kh6 31. Kg3 Bb7 32. Kf2 d4 33. cxd4 Rxb4 34. Bxa6 Rb2+ 35. Kg1 Rxg2+ 36. Kf1 Bd5 37. Rac1 Rh2 38. Re7 Rbb2 0-1

[Event "Late-Titled-Tuesday-Blitz-June-04-2024"]
[Site "Chess.com"]
[Date "2024.06.04"]
[Round "3"]
[White "1g60-1"]
[Black "Bob_2004"]
[Result "0-1"]
[WhiteElo "2460"]
[BlackElo "2641"]
[TimeControl "180+1"]
[EndTime "14:27:38 PDT"]
[Termination "Bob_2004 won by resignation"]

1. e4 c5 2. Nf3 Nf6 3. Nc3 d5 4. exd5 Nxd5 5. Bc4 Nb6 6. Bb5+ Bd7 7. Bxd7+ Qxd7 8. O-O Nc6 9. d3 e6 10. Re1 Be7 11.
h3 O-O 12. Bf4 Nd5 13. Bd2 Rac8 14. Qe2 Nd4 15. Qd1 Rfd8 16. Ne4 h6 17. Ne5 Qc7 18.
Qh5 Bf8 19. c4 Nf5 20. cxd5 Qxe5 21. dxe6 Qxe6 22. Bc3 Qg6 23. Qxg6 fxg6 24. Rad1 Rd7 25. g4 Nh4 26. Re3 Rcd8 27. b3 g5 28. Ng3 Bd6 29.
Nh5 Bf4 30. Nxf4 gxf4 31. Re4 Rxd3 32. Rxd3 Rxd3 33. Be5 g5 34. Bb8 a6 35. Ba7 Nf3+ 36. Kg2 Nh4+ 37. Kg1 Rc3 38. Rc4 Rxh3 39. Bxc5 Rd3 40.
Bd4 Rxd4 0-1

[Event "Late-Titled-Tuesday-Blitz-June-04-2024"]
[Site "Chess.com"]
[Date "2024.06.04"]
[Round "3"]
[White "ilya2700"]
[Black "Slovak_fighter2000"]
[Result "0-1"]
[WhiteElo "2208"]
[BlackElo "2525"]
[TimeControl "180+1"]
[EndTime "14:27:38 PDT"]
[Termination "Slovak_fighter2000 won on time"]

1. e4 e6 2. d4 d5 3. exd5 exd5 4. c4 Nf6 5. Nc3 Be7 6. Nf3 O-O 7. Bd3 Nc6 8. O-O Bg4 9. Re1 Nxd4 10. Bxh7+ Nxh7 11. Qxd4 Bxf3 12. gxf3 Bf6 13. Qxd5 Bxc3 14.
bxc3 c6 15. Qxd8 Raxd8 16. Re7 Rd3 17. Rxb7 Rxf3 18. Be3 a5 19. Ra7 Rf5 20. Rd1 Nf6 21. Rd6 Ne4 22. Rxc6 Nxc3 23. a3 Nb1 24. Bc5 Re8 25. h4 Re4 26. Rxa5 Rxc4 27. Ra8+ Kh7 28.
Rac8 Rxh4 29. Bb4 Rh3 30. Rc1 Nxa3 31. Kg2 Rb3 32. Rh1+ Kg6 33. Rc6+ f6 0-1

[Event "Late-Titled-Tuesday-Blitz-June-04-2024"]
[Site "Chess.com"]
[Date "2024.06.04"]
[Round "3"]
[White "RealPerangel"]
[Black "Msb2"]
[Result "0-1"]
[WhiteElo "2740"]
[BlackElo "3041"]
[TimeControl "180+1"]
[EndTime "14:27:40 PDT"]
[Termination "Msb2 won by resignation"]

1. e4 e6 2. d4 d5 3. Nd2 c5 4. Ngf3 Nf6 5. exd5 Nxd5 6. dxc5 Bxc5 7. Bb5+ Bd7 8. a4 O-O 9. O-O a6 10. Bd3 h6 11. c3 Qc7 12. Ne4 Be7 13. Re1 Nc6 14.
Ng3 Rad8 15. Qe2 Nf4 16. Bxf4 Qxf4 17. a5 g6 18. Bc2 Kg7 19. Ne4 Bc8 20. b4 e5 21. Ng3 Bg4 22. Be4 Bf6 23. h3 Bd7 24.
Rad1 Rfe8 25. Rd6 Bc8 26. Red1 Rxd6 27. Rxd6 Rd8 28. Rxd8 Nxd8 29. Qd3 Qc1+ 30. Kh2 Be6 31. h4 h5 32. Nf1 Qb2 33. Kg1 Qa2 34. Ne3 Qa4 35. Bd5 Bc8 36. Be4 Ne6 37. Nd5 Nf4 38. Nxf4 exf4 39. Nd4 Bxh4 40. Qf3 Bf6 41. Bxb7 Bxb7 42.
Qxb7 Qa1+ 43. Kh2 Qxc3 44. Ne6+ Kg8 45. Nxf4 Be5 46. g3 Qc4 47. Nd5 h4 48. b5 hxg3+ 49.
fxg3 Qh4+ 50. Kg1 Qxg3+ 51. Kf1 Qf3+ 52. Ke1 Bc3+ 53. Nxc3 Qxb7 54. b6 Qe7+ 55. Kd2 Qb4 0-1

[Event "Late-Titled-Tuesday-Blitz-June-04-2024"]
[Site "Chess.com"]
[Date "2024.06.04"]
[Round "3"]
[White "crazy_but_lazy"]
[Black "igorkovalenko"]
[Result "1-0"]
[WhiteElo "2633"]
[BlackElo "2995"]
[TimeControl "180+1"]
[EndTime "14:27:40 PDT"]
[Termination "crazy_but_lazy won on time"]

1. e4 d5 2. exd5 Qxd5 3. Nc3 Qa5 4. d4 Nf6 5. Nf3 c6 6. Bc4 Bf5 7. Bd2 Nbd7 8. O-O e6 9. Re1 Qc7 10. h3 O-O-O 11. Qe2 h6 12. Ne5 Nxe5 13. dxe5 Nd5 14. Nxd5 cxd5 15. Bd3 Bxd3 16. cxd3 Kb8 17. Rac1 Qd7 18.
Qg4 h5 19. Qd4 b6 20. Bb4 Bxb4 21. Qxb4 Rc8 22. a4 g6 23. a5 Kb7 24. d4 Rxc1 25. Rxc1 Rc8 26. Rxc8 Qxc8 27. axb6 axb6 28. g3 Qc4 29. Qe7+ Qc7 30. Qb4 Ka6 31. Qa4+ Kb7 32. Qb4 Qd8 33. h4 f6 34. exf6 Qxf6 35. Qa4 Qg7 36. Kg2 Qf7 37. b4 Qg7 38. b5 Kb8 39. Qb4 1-0

[Event "Late-Titled-Tuesday-Blitz-June-04-2024"]
[Site "Chess.com"]
[Date "2024.06.04"]
[Round "3"]
[White "Perecke"]
[Black "Szparu"]
[Result "0-1"]
[WhiteElo "2605"]
[BlackElo "2984"]
[TimeControl "180+1"]
[EndTime "14:27:41 PDT"]
[Termination "Szparu won by resignation"]

1. e4 c5 2. Nf3 a6 3. c4 Nc6 4.
d4 cxd4 5. Nxd4 e5 6. Nf5 d5 7.
cxd5 Bxf5 8. exf5 Nd4 9. Nc3 Nf6 10. Bg5 Be7 11. Bxf6 Bxf6 12. Bd3 g6 13. fxg6 hxg6 14.
h3 Kf8 15. O-O Kg7 16. f4 Qb6 17. Kh1 exf4 18. Rxf4 Be5 19. Rf2 Nf5 20. Rxf5 gxf5 21. Qe2 Rae8 22. Bxf5 Rh4 23. Rf1 Qh6 24. Be6 Bf6 25. Ne4 Rf4 26. Nd6 Re7 27. Nf5+ Rxf5 28. Rxf5 fxe6 29. dxe6 Rc7 30. Qg4+ Kf8 31. Qf3 Ke7 32. g3 Qc1+ 33. Qf1 Qxb2 34. Rh5 Rc1 0-1

[Event "Late-Titled-Tuesday-Blitz-June-04-2024"]
[Site "Chess.com"]
[Date "2024.06.04"]
[Round "3"]
[White "Chaubunagungamaug1"]
[Black "Rital44"]
[Result "0-1"]
[WhiteElo "2470"]
[BlackElo "2697"]
[TimeControl "180+1"]
[EndTime "14:27:41 PDT"]
[Termination "Rital44 won by resignation"]

1. d4 f5 2. c4 Nf6 3. Nc3 d6 4. Nf3 g6 5. g3 Bg7 6. Bg2 O-O 7. O-O Qe8 8. d5 a5 9. Nd4 Na6 10. b3 Nc5 11. Bb2 e5 12. dxe6 c6 13. Ba3 Bxe6 14.
Rc1 Bf7 15. Nf3 Nfe4 16. Nxe4 Nxe4 17. Bxd6 Rd8 18. c5 Nc3 19. Qc2 Nxe2+ 20. Kh1 Nxc1 21.
Rxc1 Qe4 22. Qxe4 fxe4 23. Ng5 Rfe8 24. Bxe4 Bh6 25. Nxf7 Bxc1 26. Nxd8 Rxe4 27. Nxb7 a4 28. Nd8 a3 29. Nxc6 Bg5 30. Kg2 Kf7 31. Ne5+ Ke6 32.
Nc4 Re2 33. Nxa3 Rxa2 34. Nc4 Kd5 35. Kf3 Ra1 36. h4 Bf6 37. Ne3+ Kc6 38. Ng4 Bd4 39. b4 Rb1 40. Ne5+ Bxe5 41. Bxe5 Rxb4 42. Bd6 Kd5 43. Kg2 Rc4 44. f4 Ke4 45. Kh3 Kf3 46. Kh2 Rc2+ 47. Kh3 h5 48. c6 Rxc6 49. Be5 Rc1 50. Kh2 Kg4 51. Kg2 Rc2+ 52. Kf1 Kf3 53. Ke1 Kxg3 54.
f5+ Kf3 55. fxg6 Re2+ 56. Kf1 Rxe5 57. g7 Re8 0-1

[Event "Late-Titled-Tuesday-Blitz-June-04-2024"]
[Site "Chess.com"]
[Date "2024.06.04"]
[Round "3"]
[White "AustinThomas12345"]
[Black "Vahe_Danielyan"]
[Result "1-0"]
[WhiteElo "2479"]
[BlackElo "2651"]
[TimeControl "180+1"]
[EndTime "14:27:43 PDT"]
[Termination "AustinThomas12345 won by resignation"]

1. e4 e5 2. Nf3 Nc6 3. Nc3 d6 4. Bc4 Be7 5. d4 exd4 6. Nxd4 Nf6 7. Nxc6 bxc6 8. O-O O-O 9. Bb3 Nd7 10. Be3 Bf6 11. Bd4 Bxd4 12. Qxd4 Qf6 13. Qxf6 Nxf6 14. Rfe1 Re8 15.
f4 Be6 16. e5 Bxb3 17. axb3 dxe5 18. fxe5 Ng4 19. e6 fxe6 20. Ra6 e5 21. Rxc6 Rad8 22.
Rxc7 Rd2 23. Ne4 Rd4 24. h3 Nh6 25. Ng5 Rd2 26. Rxe5 Rf8 27. Ree7 Nf5 28. Rf7 Rxf7 29. Rxf7 Ne3 30. Rf2 Rd1+ 31. Kh2 h6 32. Ne6 Nf1+ 33.
Kg1 Ng3+ 34. Kh2 Nf1+ 35. Kg1 Ne3+ 36. Kh2 Rc1 37. c4 Nf1+ 38. Kg1 Ne3+ 39. Kh2 a5 40. g4 Nd1 41. Rd2 Ne3 42. Re2 Nd1 43. c5 Kf7 44. c6 Kg6 45. c7 Rc6 46. Rd2 Ne3 47. Rd8 Rc2+ 48. Kg1 Rg2+ 49. Kh1 Rg3 50. c8=Q Rxh3+ 51. Kg1 Nxg4 52. Nf8+ Kh5 53. Rd5+ g5 54. Qe8+ Kh4 55.
Ng6+ Kg3 56. Rd3+ 1-0

[Event "Late-Titled-Tuesday-Blitz-June-04-2024"]
[Site "Chess.com"]
[Date "2024.06.04"]
[Round "3"]
[White "yobdc"]
[Black "Cuchulin"]
[Result "1-0"]
[WhiteElo "2540"]
[BlackElo "2267"]
[TimeControl "180+1"]
[EndTime "14:27:43 PDT"]
[Termination "yobdc won by resignation"]

1. d4 d5 2. Nf3 Nf6 3. c4 e6 4. Nc3 Be7 5. Bg5 O-O 6. Qc2 Nbd7 7. e3 c6 8. Rd1 Re8 9. a3 h6 10.
Bh4 dxc4 11. Bxc4 Nd5 12. Bg3 N7b6 13. Ba2 Nxc3 14. bxc3 Bxa3 15. Bb1 g6 16. h4 Bd6 17. h5 Bxg3 18. hxg6 Bxf2+ 19. Kxf2 f5 20. Rxh6 Kf8 21. Rh8+ Ke7 22. Rh7+ Kd6 23. Ne5 Re7 24. c4 Nd7 25. Nf7+ Rxf7 26. gxf7 Nf8 27. Rh8 Qe7 28. d5 exd5 29.
cxd5 c5 30. Rh6+ Kd7 31. Qa4+ Kd8 32. Re6 Bxe6 33. dxe6+ Kc8 34. Bxf5 a5 35. Qe8+ Qxe8 36. fxe8=Q+ 1-0

[Event "Late-Titled-Tuesday-Blitz-June-04-2024"]
[Site "Chess.com"]
[Date "2024.06.04"]
[Round "3"]
[White "komogro"]
[Black "AlejandroArias"]
[Result "0-1"]
[WhiteElo "2554"]
[BlackElo "2391"]
[TimeControl "180+1"]
[EndTime "14:27:44 PDT"]
[Termination "AlejandroArias won on time"]

1. e4 c5 2. Nc3 Nc6 3. g3 g6 4. Bg2 Bg7 5. d3 e6 6. Nh3 Nge7 7. O-O O-O 8. Be3 Nd4 9. Qd2 d6 10. Bh6 Rb8 11. Nd1 e5 12. Bxg7 Kxg7 13. f4 f6 14. c3 Ndc6 15. Ne3 Be6 16. f5 Bg8 17. Ng4 g5 18. Nxg5 fxg5 19. Qxg5+ Kh8 20. f6 Ng6 21. h4 Be6 22. h5 Rg8 23. Nh6 Nge7 24. Nxg8 Qxg8 25.
Qh4 Nc8 26. Bh3 Bf7 27. g4 h6 28. Rf5 Be6 29. f7 Bxf7 30. g5 N8e7 31. g6 Nxf5 32. Bxf5 Qg7 33. Kh2 Bg8 34. Rf1 Rf8 0-1

[Event "Late-Titled-Tuesday-Blitz-June-04-2024"]
[Site "Chess.com"]
[Date "2024.06.04"]
[Round "3"]
[White "sergiochess83"]
[Black "slidingknight2775"]
[Result "0-1"]
[WhiteElo "2889"]
[BlackElo "2672"]
[TimeControl "180+1"]
[EndTime "14:27:45 PDT"]
[Termination "slidingknight2775 won by resignation"]

1. d4 Nf6 2. c4 e6 3. g3 d5 4.
Bg2 Be7 5. Nf3 O-O 6. Qc2 c5 7. O-O Nc6 8. dxc5 d4 9. a3 a5 10. e3 e5 11. Rd1 Bxc5 12. exd4 Nxd4 13. Nxd4 Bxd4 14. Nc3 Bg4 15. Rf1 Rc8 16. Nb5 Be6 17. Nxd4 exd4 18. b3 a4 19. bxa4 Rxc4 20. Qd2 Bd5 21.
Bb2 Bxg2 22. Kxg2 Rxa4 23. Rfe1 Qd5+ 24. f3 h6 25. Rac1 Rd8 26. Qd3 b5 27. Re2 Rc4 28.
Rce1 Qc6 29. Qd2 d3 30. Rf2 Rc2 31. Qb4 Rxf2+ 32. Kxf2 Qc2+ 33. Kg1 d2 0-1

[Event "Late-Titled-Tuesday-Blitz-June-04-2024"]
[Site "Chess.com"]
[Date "2024.06.04"]
[Round "3"]
[White "PNEPaul"]
[Black "omer1997"]
[Result "0-1"]
[WhiteElo "1933"]
[BlackElo "2523"]
[TimeControl "180+1"]
[EndTime "14:27:45 PDT"]
[Termination "omer1997 won on time"]

1. e4 e5 2. Nf3 Nf6 3. d3 Nc6 4.
Be2 Bc5 5. O-O d5 6. Nc3 d4 7. Nb1 O-O 8. Bg5 h6 9. Bh4 Qd6 10. Na3 g5 11. Nc4 Qe6 12. Bg3 Nd7 13. h4 f6 14. Qd2 b5 15. Na3 Bb4 16. Qc1 a6 17. hxg5 hxg5 18. Nxg5 fxg5 19. Qxg5+ Kh7 20. Bg4 Qg6 21. Bf5 Rxf5 22. Qxf5 Qxf5 23. exf5 Nf6 24. f4 e4 25. dxe4 Nxe4 26. Bh4 Bxf5 27. Rad1 Rg8 28. Kh2 Rg4 29. g3 Bd6 30. Kg2 Rg8 31. Nb1 Bb4 32. Rh1 Kg6 33. Kf3 Nf6 34. Bxf6 Kxf6 35.
Kf2 Bxc2 36. Rh6+ Rg6 37. Rxg6+ Kxg6 38. Rc1 d3 39. Ke3 Bc5+ 40. Kd2 Kf5 41. Nc3 Bb4 42. a3 Bxc3+ 43. bxc3 Na5 44. Rg1 Nc4+ 45. Kc1 Bb3 46.
g4+ Kxf4 47. g5 d2+ 48. Kb1 d1=Q+ 49. Rxd1 Bxd1 50. g6 Bb3 0-1

[Event "Late-Titled-Tuesday-Blitz-June-04-2024"]
[Site "Chess.com"]
[Date "2024.06.04"]
[Round "3"]
[White "mac0504"]
[Black "lachesisQ"]
[Result "1-0"]
[WhiteElo "2763"]
[BlackElo "3036"]
[TimeControl "180+1"]
[EndTime "14:27:46 PDT"]
[Termination "mac0504 won on time"]

1. c4 e5 2. Nc3 Nc6 3. e3 Nf6 4. a3 d5 5. cxd5 Nxd5 6. Qc2 Nxc3 7. bxc3 Bd6 8. Nf3 O-O 9. d4 Qe7 10. Be2 Bd7 11. O-O Rae8 12. Bb2 e4 13. Nd2 Bxh2+ 14.
Kxh2 Qh4+ 15. Kg1 Re6 16. f4 Rh6 17. Nxe4 Bf5 18. Bd3 Re8 19. Ng5 Rxe3 20. Rf3 Bxd3 21. Rxe3 Qh2+ 22. Kf2 Qxf4+ 23. Nf3 Qxe3+ 24. Kxe3 Bxc2 25.
Rc1 Bf5 26. d5 Na5 27. c4 Rb6 28. Be5 Rb3+ 29. Kf4 Bd7 30. Bxc7 Rxa3 31. Ne5 Be8 32. Bxa5 Rxa5 33. c5 f6 34. Nd3 Ra3 35. Nf2 Ra4+ 36. Ke3 Bd7 37. c6 bxc6 38. dxc6 1-0

[Event "Late-Titled-Tuesday-Blitz-June-04-2024"]
[Site "Chess.com"]
[Date "2024.06.04"]
[Round "3"]
[White "jefferyx"]
[Black "Sl4werThanYou"]
[Result "1-0"]
[WhiteElo "3090"]
[BlackElo "2752"]
[TimeControl "180+1"]
[EndTime "14:27:49 PDT"]
[Termination "jefferyx won by checkmate"]

1. e4 c6 2. Nf3 d5 3. d3 g6 4. e5 Bg7 5. d4 f6 6. exf6 Nxf6 7.
Be2 O-O 8. O-O c5 9. dxc5 Ne4 10. c4 d4 11. Nbd2 Nxc5 12. Nb3 Nxb3 13. axb3 Nc6 14.
Re1 Bf5 15. Bd3 Qd7 16. Bg5 e5 17. Bh4 Rfe8 18. Be4 Kh8 19. Bg3 Bxe4 20. Rxe4 Qf5 21. Qe2 Rad8 22. Re1 d3 23. Qd2 Rd7 24. b4 Qf8 25. b5 Nd4 26. Nxe5 Nb3 27. Qd1 d2 28. Nxd7 dxe1=Q+ 29. Qxe1 Rxe4 30. Qxe4 Qd8 31. Qxb7 Nc5 32.
Qb8 Qxb8 33. Nxb8 Bxb2 34. Nc6 a6 35. Bd6 axb5 36. Bxc5 bxc4 37. Bd4+ Bxd4 38. Nxd4 Kg7 39. Kf1 Kf6 40. Ke2 Ke5 41. Ke3 c3 42. f4+ Kd5 43. Kd3 g5 44. f5 c2 45. Kxc2 Ke5 46.
Kd3 h5 47. Ke3 g4 48. g3 h4 49. gxh4 g3 50. hxg3 Kf6 51. Kf4 Kf7 52. Kg5 Kg8 53. Kg6 Kh8 54. f6 Kg8 55. Ne6 Kh8 56. h5 Kg8 57. f7+ Kh8 58. f8=Q# 1-0

[Event "Late-Titled-Tuesday-Blitz-June-04-2024"]
[Site "Chess.com"]
[Date "2024.06.04"]
[Round "3"]
[White "Legit"]
[Black "mortngabriel"]
[Result "1-0"]
[WhiteElo "2763"]
[BlackElo "2494"]
[TimeControl "180+1"]
[EndTime "14:27:49 PDT"]
[Termination "Legit won on time"]

1. d4 Nf6 2. Nf3 d5 3. c4 e6 4.
g3 Be7 5. Bg2 O-O 6. O-O dxc4 7.
Qc2 b5 8. a4 b4 9. Nfd2 Nd5 10.
Nxc4 c5 11. dxc5 Bxc5 12. e4 Nb6 13. Ncd2 Na6 14. Rd1 Nd7 15. e5 Rb8 16. Ne4 Qc7 17. Ng5 g6 18. Bf4 b3 19. Qe2 Nb4 20. Nc3 Ba6 21.
Nb5 Bxb5 22. axb5 Nc2 23. Ra4 Rfd8 24. Ne4 Nb6 25. Nf6+ Kg7 26. Re4 Rxd1+ 27. Qxd1 Rd8 28. Qg4 Bxf2+ 29. Kxf2 Qc5+ 30. Re3 Nxe3 31. Bxe3 Qxe5 32. Ne4 1-0

[Event "Late-Titled-Tuesday-Blitz-June-04-2024"]
[Site "Chess.com"]
[Date "2024.06.04"]
[Round "3"]
[White "Hirna2005"]
[Black "profedechess93"]
[Result "1-0"]
[WhiteElo "2321"]
[BlackElo "2597"]
[TimeControl "180+1"]
[EndTime "14:27:50 PDT"]
[Termination "Hirna2005 won by checkmate"]

1. e4 e6 2. d4 d5 3. e5 c5 4. c3 Nc6 5. Be3 Qb6 6. Qd2 Nh6 7.
Nf3 Nf5 8. dxc5 Bxc5 9. Bxc5 Qxc5 10. Bd3 O-O 11. O-O a5 12. Re1 Bd7 13. Na3 Rad8 14.
Nc2 Qe7 15. Qf4 Kh8 16. Rad1 Bc8 17. h3 Qc7 18. g4 Nfe7 19. Qg3 Ng6 20. Ncd4 Nxd4 21.
cxd4 f6 22. Rc1 Qf7 23. Rc2 fxe5 24. Nxe5 Nxe5 25. Rxe5 Bd7 26. Rc7 Rc8 27. Rxb7 Rc1+ 28. Kg2 Qe8 29. Rh5 h6 30. Qe5 Kg8 31. Qe3 Rd1 32.
Bc2 Ra1 33. a3 Qf7 34. Re5 Rd8 35. g5 hxg5 36. Rxg5 Qf6 37. Rg6 Qh4 38. Qe5 Rf8 39.
Qxg7# 1-0

[Event "Late-Titled-Tuesday-Blitz-June-04-2024"]
[Site "Chess.com"]
[Date "2024.06.04"]
[Round "3"]
[White "Eloist"]
[Black "artin10862"]
[Result "0-1"]
[WhiteElo "2454"]
[BlackElo "2951"]
[TimeControl "180+1"]
[EndTime "14:27:51 PDT"]
[Termination "artin10862 won by resignation"]

1. e4 e5 2. Bc4 Nf6 3. d3 c6 4. Nf3 d5 5. Bb3 Bd6 6. Nc3 dxe4 7. Ng5 O-O 8. Ncxe4 Nxe4 9. Nxe4 Bf5 10. Qf3 Bxe4 11.
Qxe4 Nd7 12. O-O Nc5 13. Qg4 a5 14. Bh6 Qf6 15. Be3 a4 16. Bxc5 Bxc5 17. Bxa4 Bd4 18. Bb3 Bxb2 19. Rae1 Bc3 20. Re3 g6 21. Rf3 Qe7 22.
h4 Kg7 23. h5 Rad8 24. Rh3 Rd4 25. Qe2 Rh4 26. Qf3 Rf4 27. Qe2 g5 28. g3 Rf6 29.
Qg4 h6 30. Kg2 Bd4 31. f3 Ba7 32. Qe4 Qc5 33. Rhh1 Rd6 34. Re1 Qf2+ 35. Kh3 Re8 36. Rhf1 Qc5 37. Qf5 Rf6 38. Re2 Rxf5 0-1

[Event "Late-Titled-Tuesday-Blitz-June-04-2024"]
[Site "Chess.com"]
[Date "2024.06.04"]
[Round "3"]
[White "AlphaPerseii"]
[Black "ManMish2"]
[Result "1-0"]
[WhiteElo "2340"]
[BlackElo "2630"]
[TimeControl "180+1"]
[EndTime "14:27:51 PDT"]
[Termination "AlphaPerseii won by resignation"]

1. Nf3 d5 2. g3 Nf6 3. Bg2 g6 4. O-O Bg7 5. d4 O-O 6. c4 c6 7.
cxd5 cxd5 8. Nc3 Nc6 9. Ne5 Bf5 10. Nxc6 bxc6 11. Qa4 Qb6 12. b3 Nd7 13. Rd1 e5 14.
e3 Rfe8 15. Ba3 exd4 16. exd4 Bg4 17. Rd2 Bh6 18. f4 Bg7 19. h3 Bf5 20. Rc1 Re3 21. Kh2 Rae8 22. Qb4 Qa6 23. Bf1 Qc8 24. Nxd5 R3e6 25. Qa5 Qb8 26. Nc7 Re1 27. Nxe8 Qxe8 28. Bg2 Rxc1 29. Bxc1 Qe1 30. Qc3 Nf6 31. Rc2 Qe7 32.
Rf2 Ne4 33. Qe3 c5 34. dxc5 Qxc5 35. Qxc5 Nxc5 36. Be3 Nd3 37. Rd2 Bc3 38. Rc2 Bf6 39.
Rc7 Ne1 40. Rxa7 Nxg2 41. Kxg2 Be4+ 42. Kf2 Bc3 43. a3 Bb2 44. b4 h5 45. b5 h4 46.
gxh4 Bf6 47. b6 Bxh4+ 48. Ke2 Be7 49. b7 Kg7 50. b8=Q 1-0

[Event "Late-Titled-Tuesday-Blitz-June-04-2024"]
[Site "Chess.com"]
[Date "2024.06.04"]
[Round "3"]
[White "bascheyaro"]
[Black "FMOlexandrProhorov"]
[Result "1-0"]
[WhiteElo "2803"]
[BlackElo "2376"]
[TimeControl "180+1"]
[EndTime "14:27:52 PDT"]
[Termination "bascheyaro won on time"]

1. d4 g6 2. c4 Bg7 3. Nf3 c5 4. Nc3 cxd4 5. Nxd4 Nc6 6. e3 Nxd4 7. exd4 Nf6 8. Be2 O-O 9. O-O d5 10. Be3 Be6 11.
c5 b6 12. b4 Ne4 13. Rc1 a5 14. a3 axb4 15. axb4 bxc5 16. bxc5 Nxc5 17. Nxd5 Bxd5 18. dxc5 Bc6 19. Qc2 Qc7 20. Rb1 e6 21. Rb6 Rfc8 22. Rfb1 Ra1 23. Rxa1 Bxa1 24. Qa2 Be5 25. h3 Bh2+ 26.
Kf1 Be5 27. Bf3 Ra8 28. Qc4 Ra1+ 29. Ke2 Ba4 30. Be4 Bd1+ 31. Kd2 Qd8+ 32. Bd3 Ba4 33. c6 Bc7 34. Rb7 e5 35. Bb6 Bxb6 36. Qxf7+ 1-0

[Event "Late-Titled-Tuesday-Blitz-June-04-2024"]
[Site "Chess.com"]
[Date "2024.06.04"]
[Round "3"]
[White "Alex_Banzea"]
[Black "sammartin99"]
[Result "1-0"]
[WhiteElo "2602"]
[BlackElo "2302"]
[TimeControl "180+1"]
[EndTime "14:27:53 PDT"]
[Termination "Alex_Banzea won on time"]

1. d4 d5 2. Nc3 Nf6 3. Bf4 a6 4. e3 e6 5. Bd3 Bb4 6. Nf3 c5 7. dxc5 Nbd7 8. O-O Bxc3 9. bxc3 Nxc5 10. Bg5 b5 11.
Ne5 Qa5 12. Qf3 Qxc3 13. Bxf6 gxf6 14. Qxf6 Rf8 15. Nd7 Qxf6 16. Nxf6+ Ke7 17. Ng4 h5 18. Ne5 Bb7 19. f4 Kd6 20. Kf2 Rac8 21. Rac1 f6 22. Nf3 e5 23. Be2 Ne4+ 24. Kg1 Rc3 25. Bd3 Nc5 26.
fxe5+ fxe5 27. Ng5 Rxf1+ 28. Rxf1 Nxd3 29. cxd3 Rxd3 30.
Rf6+ Kc5 31. Ne6+ Kb4 32. Nd8 Bc8 33. Nc6+ Ka4 34. Nxe5 Rxe3 35. Nf3 Re2 36. Rc6 1-0